 Dungeon Crawl Stone Soup version 0.27.0-1-g7a089689b8 (webtiles) character file.

Game seed: 10706154222956045719

72 inmateoo the Caller (level 3, -1/29 HPs)
             Began as a Demigod Summoner on Aug 1, 2021.
             Slain by Natasha (6 damage)
             ... on level 2 of the Dungeon.
             The game lasted 00:05:31 (3001 turns).

inmateoo the Caller (Demigod Summoner)              Turns: 3001, Time: 00:05:31

Health: -1/29      AC:  2    Str:  9    XL:     3   Next: 80%
Magic:  7/8        EV: 12    Int: 21    God:
Gold:   61         SH:  0    Dex: 14    Spells: 3/6 levels left

rFire    . . .     SeeInvis .   c - +0 dagger
rCold    . . .     Faith    .   (no shield)
rNeg     . . .     Spirit   .   a - +0 robe
rPois    .         Reflect  .   (no helmet)
rElec    .         Harm     .   (no cloak)
rCorr    .         Rampage  .   (no gloves)
Will     .....                  (no boots)
Stlth    ++........             (no amulet)
HPRegen  0.09/turn              (no ring)
MPRegen  0.11/turn              (no ring)

@: slowed, very slow
A: high mp 1, forlorn
a: no special abilities


You were on level 2 of the Dungeon.
You visited 1 branch of the dungeon, and saw 2 of its levels.

You collected 61 gold pieces.

Inventory:

Hand Weapons
 c - a +0 dagger (weapon)
Missiles
 j - 19 poisoned darts (quivered)
Armour
 a - a +0 robe (worn)
Jewellery
 d - a ring of fire
Scrolls
 g - a scroll of summoning
Potions
 h - a potion of attraction {unknown}


   Skills:
 + Level 2.1 Fighting
 + Level 0.2 Armour
 + Level 2.1 Dodging
 + Level 2.1 Stealth
 + Level 2.0 Spellcasting
 + Level 4.0 Summonings


You had 3 spell levels left.
You knew the following spells:

 Your Spells              Type           Power      Damage    Failure   Level
a - Summon Small Mammal   Summ           76%        N/A       2%          1
b - Call Imp              Summ           19%        N/A       4%          2

Your spell library contained the following spells:

 Spells                   Type           Power      Damage    Failure   Level
 Call Canine Familiar     Summ           19%        N/A       9%          3
 Summon Guardian Golem    Hex/Summ       10%        N/A       19%         3
 Summon Lightning Spire   Summ/Air       10%        N/A       54%         4


Dungeon Overview and Level Annotations

Branches:
Dungeon (2/15)

Shops:
D:1 *

Annotations:
D:2 Natasha


Innate Abilities, Weirdness & Mutations

Your attributes grow dramatically as you level up.
You have an increased reservoir of magic. (+10% MP)
You shall have no god before yourself.


Message History

Your bat misses the crimson imp. The iron imp barely misses you.
Natasha stares at your bat and mumbles some strange words.
The magic dart hits your bat.
Your bat dies!
Your bat's corpse disappears in a puff of smoke!
You hit Natasha but do no damage.
Natasha is severely wounded.
The iron imp disappears in a puff of smoke!
Your bat barely misses Natasha.
The crimson imp barely misses you.
Your quokka bites the crimson imp.
Natasha misses you. The crimson imp hits you.
Your bat hits Natasha but does no damage.
You hit Natasha.
Natasha is almost dead.
Your bat hits Natasha but does no damage.
Your quokka closely misses the crimson imp. x2
The crimson imp blinks!
Your bat hits Natasha. You barely miss Natasha.
Natasha is almost dead.
Your bat barely misses Natasha.
Your bat misses Natasha. Natasha barely misses you. Natasha claws you!
* * * LOW HITPOINT WARNING * * *
You closely miss Natasha.
Natasha is almost dead.
Your bat hits Natasha but does no damage.
Natasha barely misses you.
Your quokka closely misses the crimson imp.
You closely miss Natasha.
Natasha is almost dead.
The crimson imp disappears in a puff of smoke!
Your bat completely misses Natasha.
Natasha completely misses you.
Your bat closely misses Natasha.
Natasha wildly gestures.
You feel troubled. Natasha claws you.
* * * LOW HITPOINT WARNING * * *
You hit Natasha but do no damage.
Natasha is almost dead.
Your bat completely misses Natasha.
Natasha claws you.
You die...

.......#########.##...#.#
....... #......##...#.#
....... #......##...#..
....... #......##...#..
....... #......######..
.......####......# #..
...........#####.#### #..
#......r............# #..
#....b..@...........# #.#
#......h............# #.#
##########..........# #.#
######.......(..# #.#
#......#####'#### #.#
#......# #.# #.# #......#
#.# #.# #......# #.# #.#
#......#####.# #.#


You could see Natasha (ally target), a friendly quokka (summoned) and a friendly
bat (summoned).

Vanquished Creatures
  2 adders (D:2)
  2 dart slugs (D:1)
  A worm (D:2)
  A giant cockroach (D:2)
  A goblin (D:2)
  A hobgoblin (D:1)
  A quokka (D:1)
  A ball python (D:1)
  2 bats
  A frilled lizard (D:1)
  2 kobolds
  3 rats (D:1)
18 creatures vanquished.

Vanquished Creatures (collateral kills)
  Natasha (D:2)
  A dart slug (D:2)
  A ball python (D:2)
  2 endoplasms
  2 giant cockroaches
  3 goblins (D:1)
  2 kobolds
  2 frilled lizards
14 creatures vanquished.

Vanquished Creatures (others)
  Natasha (D:2)
1 creature vanquished.

Grand Total: 33 creatures vanquished

Notes
Turn   | Place    | Note
-------+----------+-------------------------------------------
     0 | D:1      | inmateoo the Demigod Summoner began the quest for the Orb.
     0 | D:1      | Reached XP level 1. HP: 14/14 MP: 5/5
    72 | D:1      | Found Asmofi Nawi's General Store.
   767 | D:1      | You fall into a shaft and drop 1 floor!
  1060 | D:1      | Reached XP level 2. HP: 18/22 MP: 5/7
  1684 | D:1      | Learned a level 2 spell: Call Imp
  1750 | D:2      | Reached skill level 1 in Fighting
  2233 | D:2      | Noticed Natasha
  2350 | D:2      | Killed Natasha
  2351 | D:2      | Reached skill level 4 in Summonings
  2351 | D:2      | Reached XP level 3. HP: 18/29 MP: 3/8
  2588 | D:2      | Noticed Natasha
  2612 | D:2      | Killed Natasha
  2982 | D:2      | Noticed Natasha
  3001 | D:2      | Slain by Natasha

Illustrated notes

Levels and vault maps discovered:
D:1:      psy_arrival_fountain, layout_loops_ring, serial_shops,
          nicolae_shop_statue_plus
D:2:      layout_basic, basic_altar, basic_ecumenical_altar, uniq_natasha

Skill      XL: |  1  2 |
---------------+-------+-----
Stealth        | 2 |  2.1
Dodging        | 2 |  2.1
Spellcasting   | 2 |  2.0
Fighting       | 2 |  2.1
Summonings     | 4 |  4.0
Armour         | |  0.2

Action                   || total
-------------------------++-------
Melee: Dagger            ||   137
Throw: Dart              ||    12
 Cast: Summon Small Mamm ||    38
       Call Imp          ||     3
  Use: Scroll            ||     3
       Potion            ||     3
 Stab: Sleeping          ||     1
       Distracted        ||     2
Armor: Robe              ||    20
Dodge: Dodged            ||    90
